 Dungeon Crawl Stone Soup version bcrawl-1.31.4 (webtiles) character file.

Game seed: 16994666047672531494

238848 Morbidden the Ducker (level 6, 0/38 HPs)
             Began as a Vine Stalker Monk on May 29, 2021.
             Slain by an ogre
             ... wielding a cursed +0 giant club
              (25 damage)
             ... on level 4 of the Dungeon.
             The game lasted 00:04:00 (2392 turns).

Morbidden the Ducker (Vine Stalker Monk)            Turns: 2392, Time: 00:04:01

Health: 0/38       AC:  4    Str: 13    XL:     6   Next: 88%
Magic:  0/10       EV: 15    Int: 12    God:
Gold:   228        SH:  0    Dex: 17    Spells: 9/9 levels left

rFire    . . .     SeeInvis +   i - +8 long sword of the Lurker {freeze, rElec SInv}
rCold    . . .     Gourm    .   (no shield)
rNeg     . . .     Faith    .   b - +0 robe
rPois    .         Spirit   +   r - +0 helmet
rElec    +         Reflect  .   (no cloak)
rCorr    .         Harm     .   c - +0 pair of gloves
MR       .....                  (no boots)
Stlth    +++.......             d - amulet of guardian spirit
HPRegen  0.52/turn              (no ring)
MPRegen  0.12/turn              (no ring)

@: no status effects
A: fangs 3, regeneration 1, no potion heal 3, rot immunity, strong jaws
a: no special abilities


You were on level 4 of the Dungeon.
You were hungry.

You visited 1 branch of the dungeon, and saw 4 of its levels.

You collected 228 gold pieces.

Inventory:

Hand Weapons
 a - a +0 quarterstaff
 i - the +8 long sword of the Lurker (weapon) {freeze, rElec SInv}
   (You found it on level 4 of the Dungeon)

   It has been specially enchanted to freeze those struck by it, increasing
   damage dealt by approximately one third against foes not resistant or
   susceptible to cold, and potentially slowing cold-blooded foes.
   It insulates you from electricity.
   It lets you see invisible.
Armour
 b - a +0 robe (worn)
 c - a +0 pair of gloves (worn)
 r - a +0 helmet (worn)
Jewellery
 d - an amulet of guardian spirit (around neck)
 g - an uncursed ring of fire
Scrolls
 f - 5 scrolls of remove curse
 j - a scroll of fear {unknown}
 k - a scroll of enchant armour {unknown}
 m - 2 scrolls of teleportation {unknown}
 n - 2 scrolls of enchant weapon {unknown}
 o - a scroll of noise {unknown}
 p - a scroll of magic mapping {unknown}
Potions
 l - 4 potions of curing
 q - a potion of degeneration {unknown}
 s - a potion of agility {unknown}
 t - 2 potions of mutation {unknown}
 u - a potion of haste {unknown}
 w - a potion of brilliance {unknown}
Comestibles
 e - 6 rations {!d}
 h - a chunk of flesh


   Skills:
 * Level 4.0 Fighting
 + Level 1.1 Long Blades
 + Level 4.3 Staves
 * Level 4.7 Dodging
 + Level 3.9 Stealth
 * Level 2.2 Spellcasting
   Level 2.0 Invocations


You had 9 spell levels left.
You didn't know any spells.
Your spell library contained the following spells:

 Spells                   Type           Power        Failure   Level  Hunger
 Confuse                  Hex            #.......     63%         3    ####...
 Dazzling Orbs            Conj/Hex       #......      63%         3    ####...
 Petrify                  Tmut/Erth      #.........   95%         4    ######.
 Yara's Violent Unravell  Hex/Tmut       #.........   95%         4    ######.
 Metabolic Englaciation   Hex/Ice        #.........   100%        5    #######
 Mana Rupture             Conj/Hex       #.........   100%        7    #######


Dungeon Overview and Level Annotations

Branches:
Dungeon (4/12)
 Temple: D:4-7

Altars:
Ru


Innate Abilities, Weirdness & Mutations

You have razor-sharp teeth.
Your natural rate of healing is unusually fast.
Potions cannot restore your health.
You are immune to rotting.
Your bites deal extra damage.


Message History

You start resting.
Eating one of 2 chunks of flesh.
You eat one of the 2 chunks of flesh.
This raw flesh tastes terrible.
HP restored.
Magic restored.
You start waiting.
An ogre comes into view. It is wielding a +0 giant club.
An ogre is nearby!
An ogre is nearby!
An ogre is nearby!
The ogre shouts!
An ogre is nearby!
You slash the ogre! You freeze the ogre.
The ogre is heavily wounded.
The ogre hits you with a cursed +0 giant club!!
You barely miss the ogre.
The ogre is heavily wounded.
You are feeling hungry.
The ogre hits you with a cursed +0 giant club!!
Ouch! That really hurt!
You die...

#....#<...# .....#
...........###.......
...#.#..>............. .#
#................. #.
...#................. ...
#...................
#%..###.....รท...........
.)..# #O................
#..##@................
##.#...#.##............
#....).#.##............
...###..#..#..$.........
.. #.#)...............
..##+##............. ###
##..........#.
##.........# ##......###


You could see an ogre.

Vanquished Creatures
  A black bear (D:4)
  2 howler monkeys (D:4)
  A crimson imp (D:3)
  An orc wizard (D:4)
  An iguana (D:4)
  A worker ant (D:3)
  A worker ant zombie (D:4)
  3 adders (D:3)
  2 oozes
  An adder skeleton (D:4)
  4 worms
  4 dart slugs
  2 leopard geckos
  6 orcs (D:4)
  A ball python (D:2)
  A giant cockroach (D:1)
  5 hobgoblins
  8 jackals
  5 kobolds
  A quokka (D:4)
  5 bats
  5 frilled lizards
  4 goblins
  3 rats
68 creatures vanquished.

Notes
Turn   | Place    | Note
-------+----------+-------------------------------------------
     0 | D:1      | Morbidden the Vine Stalker Monk began the quest for the
                  | Orb.
     0 | D:1      | Reached XP level 1. HP: 13/13 MP: 3/3
   421 | D:1      | Reached XP level 2. HP: 18/18 MP: 4/4
   826 | D:2      | Reached XP level 3. HP: 21/23 MP: 3/5
   878 | D:2      | Noticed a sky beast
  1394 | D:3      | Reached skill level 1 in Spellcasting
  1394 | D:3      | Reached XP level 4. HP: 17/28 MP: 3/6
  1505 | D:3      | Reached XP level 5. HP: 32/32 MP: 5/8
  1952 | D:3      | Found a sacrificial altar of Ru.
  2215 | D:4      | Got a faintly glowing long sword
  2216 | D:4      | Identified the +8 long sword of the Lurker {freeze, rElec
                  | SInv} (You found it on level 4 of the Dungeon)
  2260 | D:4      | Gained mutation: You have razor-sharp teeth. [Vine Stalker
                  | growth]
  2260 | D:4      | Reached XP level 6. HP: 37/37 MP: 9/9
  2269 | D:4      | Noticed a black bear
  2274 | D:4      | Killed a black bear
  2281 | D:4      | Reached skill level 1 in Long Blades
  2392 | D:4      | Slain by an ogre

Skill      XL: |  1  2  3  4  5  6 |
---------------+-------------------+-----
Staves         | 3 4 |  4.3
Fighting       | 3 4 |  4.0
Spellcasting   | 1 2 |  2.2
Dodging        | 4 |  4.7
Long Blades    | 1 |  1.1
Stealth        | |  3.9
Invocations    | |  2.0

Action                   |  1- 3 |  4- 6 || total
-------------------------+-------+-------++-------
Melee: Quarterstaff      |    89 |    93 ||   182
       Bite              |     7 |    10 ||    17
       Long sword        |       |    31 ||    31
  Use: Potion            |     1 |       ||     1
       Scroll            |       |     1 ||     1
 Stab: Sleeping          |     4 |     5 ||     9
       Distracted        |     1 |       ||     1
  Eat: Chunk             |     5 |     7 ||    12
Armor: Robe              |    13 |    22 ||    35
Dodge: Dodged            |    58 |    82 ||   140
